 Dungeon Crawl Stone Soup version 0.29.1-1-gd02db6906a (webtiles) character file.

Game seed: 12973199449122671681

476 eljoo the Digger (level 7, -7/50 HPs)
             Began as a Formicid Earth Elementalist on Oct 16, 2022.
             Mangled by an ogre
             ... wielding a +0 giant club
              (20 damage)
             ... on level 5 of the Dungeon.
             The game lasted 00:23:51 (4154 turns).

eljoo the Digger (Formicid Earth Elementalist)      Turns: 4154, Time: 00:23:52

Health: -7/50      AC:  6    Str: 13    XL:     7   Next: 33%
Magic:  6/12       EV: 13    Int: 16    God:
Gold:   255        SH:  0    Dex: 20    Spells: 3/12 levels left

rFire   . . .      SeeInvis +   p - +1 whip (elec)
rCold   . . .      Faith    .   (no shield)
rNeg    . . .      Spirit   .   a - +0 robe
rPois   .          Reflect  .   (helmet unavailable)
rElec   .          Harm     .   j - +1 cloak {Stlth+}
rCorr   .          Rampage  .   d - +0 pair of gloves
Will    +....                   f - +0 pair of boots
Stlth   ++++......              (no amulet)
HPRegen 0.16/turn               o - +6 ring of dexterity
MPRegen 0.13/turn               (no ring)

@: no status effects
A: permanent stasis, dig shafts and tunnels, antennae 3, four strong arms,
strong-willed 1
a: Dig, Shaft Self


You were on level 5 of the Dungeon.
You visited 1 branch of the dungeon, and saw 5 of its levels.

You collected 255 gold pieces.

Inventory:

Hand Weapons
 c - a +0 short sword
 m - a +0 hand axe
 n - a +0 whip
 p - a +1 whip of electrocution (weapon)
Missiles
 i - 36 stones
Armour
 a - a +0 robe (worn)
 d - a +0 pair of gloves (worn)
 f - a +0 pair of boots (worn)
 j - a +1 cloak of stealth (worn)
Magical Staves
 g - a staff of poison
 x - a staff of death
Jewellery
 o - a +6 ring of dexterity (left hand)
 y - a ring of willpower
Scrolls
 e - a scroll of noise {unknown}
 h - 3 scrolls of identify
 l - a scroll of magic mapping
 q - 2 scrolls of immolation
 u - a scroll of enchant armour {unknown}
 w - 3 scrolls of teleportation
 A - a scroll of poison {unknown}
 B - a scroll of enchant weapon {unknown}
Potions
 b - a potion of magic
 k - 2 potions of mutation
 r - a potion of heal wounds {unknown}
 s - a potion of ambrosia {unknown}
 t - a potion of lignification {unknown}
 v - 2 potions of flight {unknown}
 z - 2 potions of curing
 C - a potion of brilliance {unknown}


   Skills:
 + Level 2.1 Fighting
 + Level 2.0 Maces & Flails
 + Level 3.1 Dodging
 + Level 4.5 Stealth
 + Level 3.4 Spellcasting
 - Level 1.9 Transmutations
 * Level 5.6 Earth Magic


You had 3 spell levels left.
You knew the following spells:

 Your Spells              Type           Power      Damage    Failure   Level
a - Sandblast             Erth           40%        2d10      1%          1
b - Stone Arrow           Conj/Erth      22%        3d8       17%         3
c - Fireball              Conj/Fire      1%         3d3       99%         5

Your spell library contained the following spells:

 Spells                   Type           Power      Damage    Failure   Level
 Passwall                 Tmut/Erth      11%        N/A       5%          2
 Petrify                  Tmut/Erth      14%        N/A       36%         4
 Iskenderun's Battlesphe  Conj           2%         2d6       99%         5
 Conjure Ball Lightning   Conj/Air       1%         3x3d6     100%        6
 Orb of Destruction       Conj           1%         9d5       100%        7


Dungeon Overview and Level Annotations

Branches:
Dungeon (5/15)
 Temple: D:4-7

Altars:

Shops:
D:2 *   D:4 *

Annotations:
D:5 Dowan


Innate Abilities, Weirdness & Mutations

You cannot be hasted, slowed, berserked, paralysed or teleported.
You can dig through walls and to a lower floor.
You have a pair of large antennae on your head. (SInv)
Your four strong arms can wield two-handed weapons with a shield.
You are strong-willed. (Will+)


Message History

Confirm with . or Enter, or press ? or * to list all spells.
Aiming: Sandblast (safe; 1% risk of failure)
Press: ? - help, Shift-Dir - straight line, f/p - Duvessa
Aim: Duvessa, wielding a +0 short sword and wearing a +0 leather armour (almost dead, 84% to hit)
The blast of sand hits Duvessa.
You kill Duvessa!
Dowan screams, "No!
No!"
Dowan seems to find hidden reserves of power!
Dowan points at you and mumbles some strange words.
The shard of ice hits you!
Your Fighting skill increases to level 2!
Your Maces & Flails skill increases to level 2!
Casting: Sandblast (safe; 1% risk of failure)
Confirm with . or Enter, or press ? or * to list all spells.
Aiming: Sandblast (safe; 1% risk of failure)
Press: ? - help, Shift-Dir - straight line, f - Dowan
Aim: Dowan, wielding a +0 dagger and wearing a +0 robe (fast, 76% to hit)
The blast of sand hits Dowan!
Dowan is heavily wounded.
Dowan closely misses you.
Dowan drinks a potion.
Dowan is healed!
Dowan breathes, "And she was my only..."
Dowan hits you with a +0 dagger.
* * * LOW HITPOINT WARNING * * *
Dowan attacks as you move away! Dowan closely misses you.
Dowan attacks as you move away! Dowan closely misses you.
Dowan hits you with a +0 dagger.
* * * LOW HITPOINT WARNING * * *
It was a potion of mutation.
You feel extremely strange.
You feel strong-willed.
Dowan casts a spell.
Dowan blinks!
Dowan says, "Magic will overcome all!"
Dowan gestures wildly while chanting.
Dowan blinks!
You hit Dowan but do no damage. Lightning courses through Dowan!
Dowan is almost dead.
Dowan hits you with a +0 dagger.
* * * LOW HITPOINT WARNING * * *
The ogre hits you with a +0 giant club!!
You die...

#.#.#...........{
####.#.##.....#..... #
..........###### ####
#### #. ..........###
#... ...
............#########..#
####
###.#######.)..ยง...#..#
#. #######....## ..
#####O.....########## .
#..e@.####...........
.....##### ############
.## #.... #.... #....
#####


You could see an ogre and Dowan (fast).

Vanquished Creatures
  Duvessa (D:5)
  An ogre (D:5)
  A scorpion (D:4)
  An orc priest (D:4)
  An iguana (D:5)
  An orc wizard (D:4)
  6 adders
  An ufetubus (D:5)
  A worm (D:3)
  2 dart slugs (D:1)
  11 orcs
  3 ball pythons
  4 endoplasms
  3 giant cockroaches
  5 goblins
  10 hobgoblins
  6 jackals
  4 quokkas
  4 bats
  2 frilled lizards (D:1)
  8 kobolds
  4 rats
80 creatures vanquished.

Notes
Turn   | Place    | Note
-------+----------+-------------------------------------------
     0 | D:1      | eljoo the Formicid Earth Elementalist began the quest for
                  | the Orb.
     0 | D:1      | Reached XP level 1. HP: 13/13 MP: 3/3
   417 | D:1      | Reached XP level 2. HP: 19/19 MP: 0/5
   985 | D:1      | Reached XP level 3. HP: 24/24 MP: 1/6
  1056 | D:1      | Found a faded altar of an unknown god.
  1147 | D:2      | Found Feri's Assorted Antiques.
  1480 | D:2      | Reached skill level 4 in Earth Magic
  1714 | D:2      | Reached XP level 4. HP: 30/30 MP: 4/8
  2355 | D:3      | Reached XP level 5. HP: 36/36 MP: 6/9
  2944 | D:4      | Reached skill level 1 in Maces & Flails
  2946 | D:4      | Reached skill level 1 in Fighting
  3257 | D:4      | Reached skill level 5 in Earth Magic
  3257 | D:4      | Reached XP level 6. HP: 19/43 MP: 2/10
  3517 | D:4      | Found Eten's Elemental Accessories.
  3530 | D:4      | Learned a level 3 spell: Stone Arrow
  3910 | D:5      | Entered Level 5 of the Dungeon
  3910 | D:5      | Noticed an ogre
  3913 | D:5      | Killed an ogre
  4000 | D:5      | Reached XP level 7. HP: 44/49 MP: 7/12
  4006 | D:5      | Learned a level 5 spell: Fireball
  4117 | D:5      | Noticed Duvessa
  4131 | D:5      | Noticed Dowan
  4145 | D:5      | Killed Duvessa
  4150 | D:5      | Gained mutation: You are strong-willed. (Will+) [potion of
                  | mutation]
  4154 | D:5      | Mangled by an ogre

Illustrated notes

Levels and vault maps discovered:
D:1:      grunt_arrival_lava_bath, layout_loops_cross,
          dreamdust_ecumenical_altar_angels_and_demons, minmay_tetromino_s4
D:2:      layout_rooms, serial_shops, nicolae_shop_hallway_stairs
D:3:      layout_basic, chequers_hall_statues_wall_a
D:4:      layout_basic, minivault_1, nicolae_elemental_shop
D:5:      layout_rooms, uniq_duvessa

Skill      XL: |  1  2  3  4  5  6  7 |
---------------+----------------------+-----
Dodging        | 2 3 |  3.1
Stealth        | 3 4 |  4.5
Earth Magic    | 4 5 |  5.6
Maces & Flails | 1 2 |  2.0
Fighting       | 1 2 |  2.1
Spellcasting   | 3 |  3.4
Transmutations | |  1.9

Action                   |  1- 3 |  4- 6 |  7- 9 || total
-------------------------+-------+-------+-------++-------
Melee: Short sword       |    11 |       |       ||    11
       Whip              |    23 |    80 |     1 ||   104
       Punch             |       |     1 |       ||     1
 Cast: Sandblast         |    41 |    42 |     4 ||    87
       Stone Arrow       |       |       |     2 ||     2
  Use: Scroll            |     1 |     3 |       ||     4
       Potion            |     1 |     1 |     1 ||     3
 Stab: Sleeping          |     2 |     9 |       ||    11
       Distracted        |       |     1 |       ||     1
Armor: Robe              |    23 |    25 |     2 ||    50
Dodge: Dodged            |    45 |    59 |     8 ||   112
